 Dungeon Crawl Stone Soup version 0.23-b1-75-g379dba2534 (webtiles) character file.

Game seed: 4955889598992574002

40764 Kisielow the Basher (level 13, -4/130 HPs)
             Began as a Minotaur Fighter on Feb 7, 2019.
             Was the Champion of Okawaru.
             Slain by an entropy weaver (8 damage)
             ... on level 4 of the Lair of Beasts.
             The game lasted 00:32:58 (17517 turns).

Kisielow the Basher (Minotaur Fighter)             Turns: 17517, Time: 00:32:59

Health: -4/130     AC:  0    Str: 26    XL:     13   Next: 76%
Magic:  18/18      EV:  9    Int:  5    God:    Okawaru [******]
Gold:   770        SH: 13    Dex: 14    Spells: 12/12 levels left

rFire    + . .     SeeInvis +   T - +7 flail "Heuts" {speed, *Slow rElec Int+4}
rCold    + . .     Gourm    .   c - +0 shield
rNeg     . . .     Faith    +   m - +0 chain mail
rPois    .         Spirit   .   W - +1 hat {SInv}
rElec    +         Reflect  .   x - scarf {rC+ rF+}
rCorr    .         Harm     .   H - +0 pair of gloves
MR       +....                  C - +0 pair of boots
Stlth    ..........             B - amulet of Ankitz {Faith rElec Int-4 Slay+6 Stlth+}
HPRegen  0.31/turn              w - +4 ring of dexterity
MPRegen  0.16/turn              t - ring of protection from magic

@: corroded
A: retaliatory headbutt, horns 2, robust 1, sturdy frame 1
a: Heroism, Finesse, Renounce Religion


You were on level 4 of the Lair of Beasts.
You worshipped Okawaru.
Okawaru was exalted by your worship.
You were hungry.

You visited 3 branches of the dungeon, and saw 15 of its levels.
You also visited: Ice Cave.

You collected 770 gold pieces.

Inventory:

Hand Weapons
 z - a +1 morningstar
 T - the +7 flail "Heuts" (weapon) {speed, *Slow rElec Int+4}
   (You found it on level 3 of the Lair of Beasts)

   Attacks with this weapon are significantly faster.
   It affects your intelligence (+4).
   It insulates you from electricity.
   It may slow you when you take damage.
Armour
 c - a +0 shield (worn)
 m - a +0 chain mail (worn)
 x - a scarf of resistance (worn)
 C - a +0 pair of boots (worn)
 H - a +0 pair of gloves (worn)
 W - a +1 hat of see invisible (worn)
Jewellery
 i - an uncursed amulet of regeneration
 l - an uncursed ring of protection from magic
 r - an uncursed ring of positive energy
 t - a ring of protection from magic (right hand)
 w - a +4 ring of dexterity (left hand)
 B - the amulet of Ankitz (around neck) {Faith rElec Int-4 Slay+6 Stlth+}
   (You found it on level 1 of the Lair of Beasts)

   [amulet of faith]

   It allows you to gain divine favour quickly.
   It affects your intelligence (-4).
   It affects your accuracy and damage with ranged weapons and melee attacks
   (+6).
   It insulates you from electricity.
   It makes you more stealthy.
 K - an uncursed ring of wizardry
 P - an uncursed ring of fire {unknown}
 Q - a +4 amulet of reflection {unknown}
 R - an uncursed ring of ice {unknown}
 S - an uncursed ring of ice {unknown}
Wands
 b - a wand of paralysis (6)
 u - a wand of random effects (12)
 v - a wand of polymorph (3)
 y - a wand of acid (14)
 A - a wand of disintegration (16)
 F - a wand of iceblast (8)
 J - a wand of flame (8)
 M - a wand of enslavement (10)
Scrolls
 a - 2 scrolls of teleportation
 d - a scroll of immolation
 h - 6 scrolls of fog
 k - 4 scrolls of amnesia
 p - 3 scrolls of remove curse
 L - 3 scrolls of enchant weapon
 N - a scroll of acquirement {unknown}
 U - 3 scrolls of identify
Potions
 e - 8 potions of curing
 g - a potion of haste {unknown}
 j - a potion of mutation
 o - 6 potions of flight
 q - 2 potions of berserk rage {unknown}
 s - 3 potions of brilliance
 D - 3 potions of lignification
 G - a potion of degeneration {unknown}
 O - 2 potions of agility {unknown}
 V - a potion of ambrosia {unknown}
Comestibles
 f - 39 rations


   Skills:
 - Level 12.3 Fighting
 * Level 14.0 Maces & Flails
 - Level 12.4 Armour
 - Level 12.4 Shields
 - Level 8.0 Invocations
 - Level 8.0 Evocations


You had 12 spell levels left.
You didn't know any spells.
Your spell library contained the following spells:

 Spells                   Type           Power        Failure   Level  Hunger
 Flame Tongue             Conj/Fire      #....        91%         1    ##.....
 Summon Small Mammal      Summ           #...         91%         1    ##.....
 Call Imp                 Summ           #.......     97%         2    ###....
 Call Canine Familiar     Summ           #.......     100%        3    ####...
 Stone Arrow              Conj/Erth      #.....       100%        3    ####...
 Summon Guardian Golem    Hex/Summ       #.......     100%        3    ####...
 Summon Ice Beast         Ice/Summ       #.......     100%        4    #####..
 Summon Lightning Spire   Summ/Air       #.......     100%        4    #####..
 Silence                  Hex/Air        #.........   100%        5    ######.
 Discord                  Hex            #.........   100%        8    #######


Dungeon Overview and Level Annotations

Branches:
Dungeon (10/15)            Temple (1/1) D:6            Lair (4/6) D:10
  Swamp (0/4) Lair:2       Spider (0/4) Lair:3
    Orc: D:9-12

Altars:
Ashenzari
Cheibriados
Dithmenos
Elyvilon
Fedhas
Gozag
Hepliaklqana
Kikubaaqudgha
Makhleb
Nemelex Xobeh
Okawaru
Qazlal
Ru
Sif Muna
Trog
Uskayaw
Vehumet
Wu Jian
Xom
Yredelemnul
Zin
The Shining One
Jiyva

Shops:
D:4 =   D:5 *


Innate Abilities, Weirdness & Mutations

You reflexively headbutt those who attack you in melee.
You have a pair of horns on your head.
You are robust. (+10% HP)
Your movements are slightly less encumbered by armour. (ER -2)


Message History

Your headbutt misses the entropy weaver.
The entropy weaver is severely wounded.
You hit the entropy weaver.
Your headbutt misses the entropy weaver.
The entropy weaver is severely wounded.
The entropy weaver hits you! You block the entropy weaver's attack.
The entropy weaver hits you! x2
* * * LOW HITPOINT WARNING * * *
You feel much better. You block the entropy weaver's attack.
The entropy weaver hits you!
* * * LOW HITPOINT WARNING * * *
The entropy weaver hits you!
* * * LOW HITPOINT WARNING * * *
The entropy weaver hits you!
* * * LOW HITPOINT WARNING * * *
Okay, then.
You sock the entropy weaver! You headbutt the entropy weaver.
The entropy weaver is almost dead.
The entropy weaver hits you!
You die...

#############
##.'.÷.....÷.#
#P.#########.#
#..# #.# ##
#P.# #@#
.#####.# #a#
.#..##.# #.#
.......# #.#
....#.## #.#
...##### #.#
...#...# #.#
.......# #.#
.......#


You could see an entropy weaver.

Vanquished Creatures
  A frost giant (IceCv)
  Fannar (D:10)
  3 hydras
  Erolcha (D:10)
  Harold (D:9)
  The ghost of iVAG the Destroyer, a journeyman DrCj of Vehumet (D:9)
  6 death yaks
  Urug (D:10)
  2 fire crabs (Lair:4)
  2 black mambas
  6 spiny frogs
  A rime drake (Lair:3)
  13 komodo dragons
  A troll (D:8)
  18 polar bears
  A queen bee (Lair:3)
  Prince Ribbit (D:6)
  5 blink frogs (Lair:2)
  5 hippogriffs
  Sigmund (D:6)
  2 redbacks (Lair:3)
  4 wyverns
  28 yaks
  Grum (D:10)
  A vampire (D:10)
  2 basilisks
  A hungry ghost (D:10)
  2 steam dragons (D:5)
  Menkaure (D:4)
  13 porcupines
  7 water moccasins
  2 swamp drakes
  5 orc warriors
  4 phantoms
  A necrophage (D:7)
  2 black bears
  4 ice beasts
  2 sky beasts
  6 ogres
  18 wolves
  4 centaurs
  11 crocodiles
  2 big kobolds
  10 bullfrogs
  A gnoll sergeant (D:9)
  5 scorpions
  19 killer bees (Lair:3)
  A howler monkey (D:9)
  7 wights
  2 centaur zombies
  3 crimson imps
  6 orc priests
  3 jellies
  3 hounds
  13 orc wizards
  2 centaur skeletons
  2 gnoll shamans
  2 bullfrog skeletons
  5 iguanas
  4 worker ants
  2 hell rats (Lair:2)
  2 hound zombies
  A hound skeleton (D:6)
  A worker ant zombie (D:9)
  14 gnolls
  5 river rats (Lair:2)
  11 adders
  A shadow imp (D:10)
  2 oozes (D:3)
  4 worms
  2 dart slugs (D:2)
  5 leopard geckos
  45 orcs
  4 ball pythons
  9 giant cockroaches
  5 hobgoblins
  5 jackals
  20 kobolds
  7 quokkas
  11 bats
  10 frilled lizards
  2 gnoll zombies (D:3)
  6 goblins
  A quokka zombie (D:8)
  18 rats
  A butterfly (Lair:4)
476 creatures vanquished.

Vanquished Creatures (others)
  A rime drake (IceCv)
  A polar bear (IceCv)
  5 wolves (IceCv)
  A fungus (D:5)
8 creatures vanquished.

Grand Total: 484 creatures vanquished

Notes
Turn   | Place    | Note
-------+----------+-------------------------------------------
     0 | D:1      | Kisielow the Minotaur Fighter began the quest for the Orb.
     0 | D:1      | Reached XP level 1. HP: 19/19 MP: 0/0
   114 | D:1      | Reached skill level 3 in Maces & Flails
   290 | D:1      | Reached XP level 2. HP: 21/26 MP: 1/1
   589 | D:1      | Reached skill level 4 in Maces & Flails
   830 | D:2      | Reached XP level 3. HP: 29/31 MP: 2/2
   914 | D:1      | Reached skill level 5 in Maces & Flails
  1261 | D:2      | Reached XP level 4. HP: 39/39 MP: 3/3
  1858 | D:3      | Reached XP level 5. HP: 44/46 MP: 4/4
  1892 | D:3      | Found a shadowy altar of Dithmenos.
  1958 | D:3      | Found a shattered altar of Ashenzari.
  2007 | D:3      | Reached skill level 6 in Maces & Flails
  2441 | D:3      | Reached XP level 6. HP: 53/53 MP: 5/5
  2721 | D:3      | Found a basalt altar of Yredelemnul.
  3070 | D:4      | Noticed Menkaure
  3077 | D:4      | Killed Menkaure
  3267 | D:4      | Found a glowing golden altar of the Shining One.
  3291 | D:4      | Found Mekhatzi's Jewellery Shoppe.
  3292 | D:4      | Reached skill level 7 in Maces & Flails
  3542 | D:4      | Reached skill level 5 in Fighting
  3542 | D:4      | Reached skill level 5 in Armour
  3542 | D:4      | Reached skill level 5 in Shields
  3542 | D:4      | Reached XP level 7. HP: 25/61 MP: 6/6
  3771 | D:5      | Entered Level 5 of the Dungeon
  4034 | D:5      | Found Ytoetorch's Assorted Antiques.
  4059 | D:5      | Noticed a steam dragon
  4061 | D:5      | Noticed a steam dragon
  4065 | D:5      | Killed a steam dragon
  4065 | D:5      | Reached skill level 8 in Maces & Flails
  4072 | D:5      | Killed a steam dragon
  4072 | D:5      | Reached XP level 8. HP: 58/70 MP: 7/7
  4138 | D:5      | Found a blossoming altar of Fedhas.
  4713 | D:6      | Reached skill level 9 in Maces & Flails
  4799 | D:6      | Found a deep blue altar of Sif Muna.
  4800 | D:6      | Found a hazy altar of Hepliaklqana.
  4815 | D:6      | Noticed Sigmund
  4827 | D:6      | Killed Sigmund
  5078 | D:6      | Found a staircase to the Ecumenical Temple.
  5161 | Temple   | Entered the Ecumenical Temple
  5389 | D:6      | Found a stormy altar of Qazlal.
  5439 | D:6      | Noticed Prince Ribbit
  5555 | D:6      | Reached XP level 9. HP: 71/78 MP: 5/8
  5869 | D:6      | Killed Prince Ribbit
  5869 | D:6      | Reached skill level 10 in Maces & Flails
  6207 | D:7      | Found a hide-covered altar of Uskayaw.
  6209 | D:7      | Found an iron altar of Okawaru.
  6233 | D:7      | Became a worshipper of Warmaster Okawaru
  6491 | D:7      | Found an ornate altar of the Wu Jian Council.
  6616 | D:7      | Found an ancient bone altar of Kikubaaqudgha.
  6688 | D:8      | Reached skill level 11 in Maces & Flails
  6923 | D:8      | Found a bloodstained altar of Trog.
  7027 | D:8      | Reached * piety under Okawaru
  7027 | D:8      | Reached skill level 1 in Invocations
  7027 | D:8      | Reached skill level 1 in Evocations
  7829 | D:9      | Noticed a troll
  7837 | D:8      | Killed a troll
  7837 | D:8      | Reached XP level 10. HP: 82/88 MP: 10/10
  7957 | D:9      | Found a large runed translucent door.
  7957 | D:9      | Found a large runed translucent door.
  7958 | D:9      | Noticed iVAG's ghost (journeyman DrCj)
  8100 | D:9      | Noticed Harold
  8113 | D:9      | Killed Harold
  8113 | D:9      | Reached ** piety under Okawaru
  8344 | D:9      | Reached *** piety under Okawaru
  8464 | D:9      | Found a white marble altar of Elyvilon.
  8882 | D:9      | Killed iVAG's ghost
  8882 | D:9      | Reached **** piety under Okawaru
  8882 | D:9      | Reached skill level 5 in Invocations
  8916 | D:10     | Entered Level 10 of the Dungeon
  8916 | D:10     | Noticed Urug
  8926 | D:10     | Killed Urug
  8926 | D:10     | Reached XP level 11. HP: 97/97 MP: 10/14
  8928 | D:10     | Reached skill level 5 in Evocations
  9049 | D:10     | Noticed Fannar
  9058 | D:10     | Killed Fannar
  9203 | D:10     | Noticed Erolcha
  9206 | D:10     | Killed Erolcha
  9206 | D:10     | Reached ***** piety under Okawaru
  9909 | D:10     | Noticed Grum
  9922 | D:10     | Killed Grum
 10127 | D:10     | Found a staircase to the Lair.
 10365 | Lair:1   | Entered Level 1 of the Lair of Beasts
 10506 | Lair:1   | Reached skill level 10 in Armour
 10556 | Lair:1   | Reached skill level 10 in Shields
 10692 | Lair:1   | Reached skill level 10 in Fighting
 10706 | Lair:1   | Received a gift from Okawaru
 10806 | Lair:1   | Got a slimy lead amulet
 11297 | Lair:1   | Reached XP level 12. HP: 105/106 MP: 16/16
 11637 | Lair:2   | Found a sacrificial altar of Ru.
 11868 | Lair:2   | Found a staircase to the Swamp.
 12010 | Lair:2   | Found a frozen archway.
 12020 | IceCv    | Entered an ice cave
 12022 | IceCv    | Identified the amulet of Ankitz {Faith rElec Int-4 Slay+6
                  | Stlth+} (You found it on level 1 of the Lair of Beasts)
 12036 | IceCv    | Received a gift from Okawaru
 12387 | IceCv    | Gained mutation: You are agile. (Dex +2) [potion of
                  | mutation]
 12387 | IceCv    | Lost mutation: You are agile. (Dex +2) [potion of mutation]
 12387 | IceCv    | Gained mutation: Your movements are slightly less
                  | encumbered by armour. (ER -2) [potion of mutation]
 12387 | IceCv    | Gained mutation: You are robust. (+10% HP) [potion of
                  | mutation]
 12738 | IceCv    | Noticed a frost giant
 12771 | IceCv    | Killed a frost giant
 13033 | IceCv    | Identified the Catalogue of Damaging Bewitchment
 13265 | Lair:2   | Noticed a four-headed hydra
 13273 | Lair:2   | Killed a four-headed hydra
 13615 | Lair:2   | Reached XP level 13. HP: 99/128 MP: 18/18
 13948 | Lair:2   | Received a gift from Okawaru
 14737 | Lair:3   | Found a hole to the Spider Nest.
 14891 | Lair:3   | Got a transparent flail
 14892 | Lair:3   | Identified the +7 flail "Heuts" {speed, *Slow rElec Int+4}
                  | (You found it on level 3 of the Lair of Beasts)
 14914 | Lair:3   | Reached ****** piety under Okawaru
 14931 | Lair:3   | Received a gift from Okawaru
 16142 | Lair:4   | Reached skill level 12 in Maces & Flails
 16157 | Lair:3   | Received a gift from Okawaru
 16735 | Lair:3   | Reached skill level 13 in Maces & Flails
 16968 | Lair:4   | Received a gift from Okawaru
 17289 | Lair:4   | Found a runed translucent door.
 17502 | Lair:4   | Noticed an entropy weaver
 17506 | Lair:4   | Reached skill level 14 in Maces & Flails
 17516 | Lair:4   | HP: 4/130 [entropy weaver (15)]
 17517 | Lair:4   | Slain by an entropy weaver

Skill      XL: |  1  2  3  4  5  6  7  8  9 10 11 12 13 |
---------------+----------------------------------------+-----
Maces & Flails | 3 4 5 6 7 8 9 11 14 | 14.0
Armour         | 4 5 6 8 9 10 11 12 | 12.4
Shields        | 4 5 7 8 9 10 11 12 | 12.4
Fighting       | 4 5 6 8 9 10 11 12 | 12.3
Invocations    | 2 5 7 8 |  8.0
Evocations     | 2 4 6 8 |  8.0

Action                   |  1- 3 |  4- 6 |  7- 9 | 10-12 | 13-15 || total
-------------------------+-------+-------+-------+-------+-------++-------
Melee: Flail             |    91 |   144 |   170 |       |   183 ||   588
       Headbutt          |    12 |    34 |    78 |   191 |    63 ||   378
       Morningstar       |       |       |   184 |   669 |    81 ||   934
Invok: Heroism           |       |       |       |     7 |     2 ||     9
       Finesse           |       |       |       |     3 |     2 ||     5
Evoke: Wand              |       |       |     2 |       |     3 ||     5
  Use: Scroll            |       |     6 |     6 |     6 |       ||    18
       Potion            |       |     1 |     1 |     5 |     4 ||    11
 Stab: Distracted        |       |       |       |     1 |       ||     1
       Invisible         |       |       |       |       |     1 ||     1
  Eat: Chunk             |     1 |     8 |    13 |    21 |     5 ||    48
       Ration            |       |       |       |       |     2 ||     2
Armor: Scale mail        |    50 |    47 |       |       |       ||    97
       Chain mail        |       |     3 |   110 |   209 |    67 ||   389
Dodge: Dodged            |    24 |    34 |    75 |   162 |    74 ||   369
Block: Shield            |    48 |    69 |   176 |   426 |   191 ||   910
